 Dungeon Crawl Stone Soup version 0.27-a0-679-g77a6b55cf3 (webtiles) character file.

Game seed: 9459578998788509922

9 Lanoc the Sneak (level 2, 0/19 HPs)
             Began as a Tengu Delver on Mar 18, 2021.
             Slain by a hound zombie (1 damage)
             ... on level 5 of the Dungeon.
             The game lasted 00:00:14 (21 turns).

Lanoc the Sneak (Tengu Delver)                        Turns: 21, Time: 00:00:15

Health: 0/19       AC:  3    Str: 12    XL:     2   Next: 16%
Magic:  3/3        EV: 12    Int: 10    God:
Gold:   0          SH:  0    Dex: 15    Spells: 1/1 levels left

rFire    . . .     SeeInvis .   a - +0 falchion
rCold    . . .     Faith    .   (no shield)
rNeg     . . .     Spirit   .   b - +0 leather armour
rPois    .         Reflect  .   (helmet restricted)
rElec    .         Harm     .   (no cloak)
rCorr    .         Rampage  .   (no gloves)
Will     .....                  (boots unavailable)
Stlth    +++.......             (no amulet)
HPRegen  0.06/turn              (no ring)
MPRegen  0.08/turn              (no ring)

@: no status effects
A: beak, talons 3
a: no special abilities


You were on level 5 of the Dungeon.
You visited 1 branch of the dungeon, and saw 1 of its levels.

Inventory:

Hand Weapons
 a - a +0 falchion (weapon)
Armour
 b - a +0 leather armour (worn)
Wands
 g - a wand of digging (3)
Scrolls
 c - a scroll of fog
 d - a scroll of magic mapping
 e - a scroll of fear
Potions
 f - a potion of haste


   Skills:
 + Level 3.3 Fighting
 - Level 2.1 Long Blades
 + Level 2.7 Dodging
 - Level 5.0 Stealth


You had one spell level left.
You didn't know any spells.
Your spell library was empty.

Dungeon Overview and Level Annotations

Branches:
Dungeon (5/15)
 Temple: D:4-7

Altars:


Innate Abilities, Weirdness & Mutations

You have a beak for a mouth.
You have claws for feet.


Message History

You hit the adder. You claw the adder. You peck the adder, but do no damage.
The adder is severely wounded.
The adder closely misses you.
You riposte.
You barely miss the adder. Your kick misses the adder.
The adder is severely wounded.
The adder bites you.
You barely miss the adder. Your kick misses the adder.
The adder is severely wounded.
The adder closely misses you.
You riposte.
You hit the adder. You claw the adder.
You kill the adder!
You have reached level 2!
You closely miss the hound zombie. The hound zombie bites you.
You barely miss the hound zombie. The hound zombie closely misses you.
The hound zombie bites you.
You hit the hound zombie. Your kick misses the hound zombie.
The hound zombie is lightly damaged.
The hound zombie bites you.
You are too injured to fight recklessly!
You barely miss the hound zombie. You peck the hound zombie.
The hound zombie is moderately damaged.
The hound zombie closely misses you.
You riposte.
You closely miss the hound zombie. You claw the hound zombie.
The hound zombie is heavily damaged.
The hound zombie bites you.
* * * LOW HITPOINT WARNING * * *
You barely miss the hound zombie. Your kick misses the hound zombie.
The hound zombie is heavily damaged.
The hound zombie misses you.
You hit the hound zombie. You claw the hound zombie.
The hound zombie is severely damaged.
The hound zombie bites you.
* * * LOW HITPOINT WARNING * * *
The hound zombie barely misses you.
You hit the hound zombie. You claw the hound zombie.
The hound zombie is almost destroyed.
The hound zombie bites you.
* * * LOW HITPOINT WARNING * * *
The hound zombie bites you.
You die...

....# ..?.# #...#
.. #...###.. .
......... #⌠#
##..#.....
###..##Z......#
#..@......#
#.##......# ..
#......#.. ##
#.##...#. #.#
.....o
...#####.##....##
......!.......##
...###(..#.....#
......#........


You could see a hound zombie.

Vanquished Creatures
  An adder (D:5)
1 creature vanquished.

Notes
Turn   | Place    | Note
-------+----------+-------------------------------------------
     0 | D:5      | Lanoc the Tengu Delver began the quest for the Orb.
     0 | D:5      | Reached XP level 1. HP: 14/14 MP: 2/2
    14 | D:5      | Reached XP level 2. HP: 17/19 MP: 3/3
    21 | D:5      | Slain by a hound zombie

Illustrated notes

Levels and vault maps discovered:
D:5:      layout_rooms, tgw_xom, hellmonk_ghost_happy_afterlife, uniq_menkaure

Action                   || total
-------------------------++-------
Melee: Falchion          ||    10
       Kick              ||     5
       Peck              ||     2
 Stab: Sleeping          ||     1
Dodge: Dodged            ||     7
       Rpst.: Falchion   ||     3

Table legend: (Time is in decaauts)
 A = Elapsed time spent in this place.
 B = Non-inter-level travel time spent in this place.
 C = Inter-level travel time spent in this place.
 D = Time resting spent in this place.
 E = Time spent auto-exploring this place.
 F = Levels seen in this place.
 G = Mean time per level.
                   A        B        C        D        E       F      G
               +--------+--------+--------+--------+--------+-----+--------+
         Total |     22 |     22 |      0 |      0 |      4 |   1 |   22.0 |
       Dungeon |     22 |     22 |      0 |      0 |      4 |   1 |   22.0 |
               +--------+--------+--------+--------+--------+-----+--------+

Top non-repeatable levels by time:
     D:5: 22 daAuts
